 Dungeon Crawl Stone Soup version 0.30.0-11-gf55b779eaf (webtiles) character file.

Game seed: 13786558730488444569

49 tizbic2 the Ruffian (level 3, -2/33 HPs)
             Began as a Troll Transmuter on May 16, 2023.
             Slain by a worm (10 damage)
             ... on level 3 of the Dungeon.
             The game lasted 00:05:24 (998 turns).

tizbic2 the Ruffian (Troll Transmuter)               Turns: 998, Time: 00:05:25

Health: -2/33      AC:  4    Str: 18    XL:     3   Next: 51%
Magic:  4/4        EV: 10    Int:  9    God:
Gold:   172        SH:  0    Dex: 10    Spells: 2/5 levels left

rFire   . . .        d - +0 mace
rCold   . . .        (no shield)
rNeg    . . .        g - +0 robe
rPois   .            (helmet restricted)
rElec   .            (no cloak)
rCorr   .            (gloves unavailable)
SInv    .            (boots unavailable)
Will    .....        (no amulet)
Stlth   +            (no ring)
HPRegen 1.05/turn    (no ring)
MPRegen 0.09/turn

%: no passive effects
@: no status effects
A: large, unfitting armour, claws 3, regeneration 1, shaggy fur 1, tough skin 1,
dopey 1
a: no special abilities


You were on level 3 of the Dungeon.
You visited 1 branch of the dungeon, and saw 3 of its levels.

You collected 172 gold pieces.

Inventory:

Hand Weapons
 d - a +0 mace (weapon)
 e - a +0 dagger of venom
Missiles
 k - 6 boomerangs of dispersal
Armour
 g - a +0 robe (worn)
Wands
 c - a wand of paralysis (7)
Scrolls
 a - a scroll of acquirement {unknown}
 f - a scroll of magic mapping
 h - a scroll of blinking {unknown}
 m - a scroll of teleportation {unknown}
 n - a scroll of enchant armour {unknown}
Potions
 b - a potion of lignification
 i - 2 potions of haste
 j - a potion of attraction
 l - 2 potions of curing {unknown}


   Skills:
 + Level 1.2 Fighting
 + Level 0.2 Maces & Flails
 + Level 1.8 Dodging
 * Level 3.4 Unarmed Combat
 * Level 1.6 Spellcasting
 + Level 1.7 Transmutations
 + Level 0.0 Earth Magic


You had 2 spell levels left.
You knew the following spells:

 Your Spells              Type           Power      Damage    Failure   Level
a - Beastly Appendage     Tmut           6%         N/A       17%         1
b - Wereblood             Tmut           3%         N/A       26%         2

Your spell library contained the following spells:

 Spells                   Type           Power      Damage    Failure   Level
 Apportation              Tloc           0%         N/A       34%         1
 Sandblast                Erth           0%         2d4       34%         1
 Passwall                 Tmut/Erth      1%         N/A       36%         2
 Spider Form              Tmut/Pois      2%         N/A       58%         3
 Stone Arrow              Conj/Erth      0%         3d7       71%         3
 Ice Form                 Ice/Tmut       2%         N/A       94%         4
 Alistair's Intoxication  Tmut/Pois      1%         N/A       100%        5


Dungeon Overview and Level Annotations

Branches:
Dungeon (3/15)

Altars:
Ashenzari


Innate Abilities, Weirdness & Mutations

You are too large for most types of armour.
You have claws for hands.
Your natural rate of healing is unusually fast.
You are covered in fur. (AC +1)
You have tough skin. (AC +1)
You are dopey. (Int -2)


Message History

There is a stone staircase leading down here.
Found a book of Party Tricks.
You pick up a book of Party Tricks and begin reading...
You add the spells Apportation and Alistair's Intoxication to your library.
Okay, then.
Found an escape hatch in the floor.
Found 6 boomerangs of dispersal.
There is an escape hatch in the floor here.
You see here 6 boomerangs of dispersal.
k - 6 boomerangs of dispersal
Found a stone staircase leading up.
There is an escape hatch in the floor here.
There is a stone staircase leading down here.
You climb downwards.
The orc shouts!
Found a scroll of identify and 9 gold pieces.
There is a stone staircase leading up here.
The worm barely misses you.
You thump the worm!
The worm is heavily wounded.
The worm bites you!
You barely miss the worm.
The worm is moderately wounded.
The worm bites you!
You hit the worm.
The worm is moderately wounded.
The worm bites you.
You hit the worm.
The worm is heavily wounded.
You barely miss the worm.
The worm is heavily wounded.
The worm bites you.
You barely miss the worm.
The worm is moderately wounded.
The worm bites you!
* * * LOW HITPOINT WARNING * * *
You hit the worm.
The worm is heavily wounded.
The worm bites you!
You die...

...... .....
.... #. ...##
#... ...# .
#... ..# ..
+... #.#
...#... #@#
.$....####w#
+...?...o#
#......###
#...<...#
#.......#
#...........
#...........
#............


You could see a worm and an orc.

Vanquished Creatures
  2 adders (D:2)
  A dart slug (D:2)
  2 endoplasms
  A giant cockroach (D:1)
  3 goblins
  3 hobgoblins (D:1)
  2 jackals (D:2)
  2 kobolds (D:1)
  3 quokkas (D:1)
  4 bats
  A frilled lizard (D:1)
  2 rats
26 creatures vanquished.

Notes
Turn   | Place    | Note
-------+----------+-------------------------------------------
     0 | D:1      | tizbic2 the Troll Transmuter began the quest for the Orb.
     0 | D:1      | Reached XP level 1. HP: 18/18 MP: 1/1
   203 | D:1      | Reached XP level 2. HP: 25/26 MP: 3/3
   293 | D:1      | Learned a level 2 spell: Wereblood
   369 | D:1      | Reached skill level 1 in Fighting
   486 | D:2      | Reached XP level 3. HP: 26/33 MP: 4/4
   497 | D:2      | Found a broken altar of Ashenzari.
   618 | D:2      | Gained mutation: You are dopey. (Int -2) [potion of
                  | mutation]
   652 | D:2      | Found a faded altar of an unknown god.
   998 | D:3      | Slain by a worm

Illustrated notes

Levels and vault maps discovered:
D:1:      eino_arrival_cavern_d, layout_rooms, minmay_tromino_v7
D:2:      layout_basic, basic_altar, shapermc_ecumenical_altar_mp_ritualfount
D:3:      layout_basic, nicolae_ru_sacrificial_ziggurat, minivault_11

Skill      XL: |  1  2 |
---------------+-------+-----
Fighting       | 1 |  1.2
Maces & Flails | |  0.2
Dodging        | |  1.8
Unarmed Combat | |  3.4
Spellcasting   | |  1.6
Transmutations | |  1.7

Action                     || total
---------------------------++-------
  Melee: Mace              ||    94
         Unarmed           ||     7
         Punch             ||     1
         Kick              ||     2
         Headbutt          ||     1
   Cast: Beastly Appendage ||     2
    Use: Scroll            ||     4
         Potion            ||     1
 Armour: Robe              ||    48
  Dodge: Dodged            ||    69
